 Dungeon Crawl Stone Soup version 0.25-a0-589-g1e14c549ee (webtiles) character file.

Game seed: 9316499216569646213, levelgen mode: deterministic

100478 Amnesiac the Lord of Darkness (level 15, -1/103 HPs)
             Began as a Mummy Necromancer on Mar 11, 2020.
             Was the Champion of Kikubaaqudgha.
             Splashed by a brown ugly thing's acid (8 damage)
             ... on level 14 of the Dungeon.
             The game lasted 01:21:34 (32091 turns).

Amnesiac the Lord of Darkness (Mummy Necromancer)  Turns: 32091, Time: 01:21:35

Health: -1/103     AC: -2    Str: 11    XL:     15   Next: 80%
Magic:  0/31       EV: 21    Int: 19    God:    Kikubaaqudgha [******]
Gold:   2733       SH:  5    Dex: 15    Spells: 3/39 levels left

rFire    x . .     SeeInvis .   a - staff of death
rCold    + . .     Gourm    .   D - +0 buckler
rNeg     + + +     Faith    .   B - +2 robe {Archmagi}
rPois    ∞         Spirit   +   q - +2 helmet
rElec    .         Reflect  .   w - +2 cloak
rCorr    .         Harm     .   (no gloves)
MR       ++...                  (no boots)
Stlth    ++........             C - amulet of guardian spirit
HPRegen  0.27/turn              g - ring of protection from magic
MPRegen  0.22/turn              F - ring of wizardry

@: corroded
A: no food or potions, fire vulnerability, cold resistance 1, negative energy
resistance 3, torment resistance, unbreathing, in touch with death 1
a: Receive Corpses, Torment, Renounce Religion


You were on level 14 of the Dungeon.
You worshipped Kikubaaqudgha.
Kikubaaqudgha was exalted by your worship.
You were not hungry.

You visited 4 branches of the dungeon, and saw 23 of its levels.
You also visited: Sewer, Ossuary and Volcano.

You collected 2733 gold pieces.

Inventory:

Hand Weapons
 b - the +10 falchion of the Pyrrhic Victory {flame, Int+7}
   (You found it on level 5 of the Lair of Beasts)

   It has been specially enchanted to burn those struck by it, causing extra
   injury to most foes and up to half again as much damage against particularly
   susceptible opponents.
   Big, fiery blades are also staple armaments of hydra-hunters.
   It affects your intelligence (+7).
Missiles
 c - 113 poisoned darts (quivered)
 l - 8 atropa-tipped darts
Armour
 e - +0 acid dragon scales
 k - a +0 pair of boots
 q - a +2 helmet (worn)
 w - a +2 cloak (worn)
 B - a +2 robe of the Archmagi (worn)
 D - a +0 buckler (worn)
 G - +0 steam dragon scales
Magical Staves
 a - an uncursed staff of death (weapon)
 H - an uncursed staff of summoning {unknown}
 I - an uncursed staff of air {unknown}
Jewellery
 d - an uncursed amulet of harm
 g - a ring of protection from magic (left hand)
 m - an uncursed ring of resist corrosion
 t - an uncursed ring of see invisible
 C - an amulet of guardian spirit (around neck)
 F - a ring of wizardry (right hand)
Wands
 p - a wand of polymorph (4)
 s - a wand of iceblast (20)
 v - a wand of flame (43)
 x - a wand of enslavement (2)
 y - a wand of acid (2)
Scrolls
 f - a scroll of fear {!r}
 h - 14 scrolls of remove curse {!r}
 i - 3 scrolls of vulnerability {!r}
 j - 12 scrolls of teleportation {!r}
 n - 6 scrolls of amnesia {!r}
 o - 5 scrolls of identify {!r}
 r - 4 scrolls of enchant weapon {!r}
 u - 3 scrolls of magic mapping {!r}
 z - 4 scrolls of torment {!r}
 A - a scroll of silence {!r}
Miscellaneous
 E - a sack of spiders


   Skills:
 - Level 5.0 Fighting
 + Level 11.6 Staves
 - Level 13.0 Dodging
 - Level 1.5 Stealth
 - Level 4.0 Shields
 - Level 12.5 Spellcasting
 - Level 15.0 Necromancy
 - Level 4.0 Evocations


You had 3 spell levels left.
You knew the following spells:

 Your Spells              Type           Power        Failure   Level  Hunger
a - Borgnjor's Vile Clut  Necr/Erth      #######...   3%          5    N/A
b - Agony                 Necr           ########     1%          5    N/A
c - Animate Dead          Necr           N/A          1%          4    N/A
d - Summon Butterflies    Summ           ###.....     2%          1    N/A
e - Vampiric Draining     Necr           ########..   1%          3    N/A
f - Infestation           Necr           ########..   32%         8    N/A
g - Pain                  Necr           ####         0%          1    N/A
v - Blink                 Tloc           N/A          3%          2    N/A
w - Dispel Undead         Necr           ########     1%          4    N/A
z - Confusing Touch       Hex            ###.....     7%          3    N/A

Your spell library contained the following spells:

 Spells                   Type           Power        Failure   Level  Hunger
 Animate Skeleton         Necr           N/A          0%          1    N/A
 Corpse Rot               Necr/Air       N/A          1%          2    N/A
 Apportation              Tloc           ###...       2%          1    N/A
 Corona                   Hex            ###....      2%          1    N/A
 Magic Dart               Conj           ###.         2%          1    N/A
 Shock                    Conj/Air       ###.         2%          1    N/A
 Summon Small Mammal      Summ           ###.         2%          1    N/A
 Call Imp                 Summ           ###.....     3%          2    N/A
 Ensorcelled Hibernation  Hex/Ice        ###...       3%          2    N/A
 Searing Ray              Conj           ###...       3%          2    N/A
 Slow                     Hex            ###.....     3%          2    N/A
 Swiftness                Chrm/Air       ###.....     3%          2    N/A
 Conjure Flame            Conj/Fire      ###.....     7%          3    N/A
 Dazzling Flash           Conj/Hex       ###...       7%          3    N/A
 Gell's Gravitas          Tloc           ###.......   7%          3    N/A
 Lesser Beckoning         Tloc           ###.......   7%          3    N/A
 Mephitic Cloud           Conj/Pois/Air  ###.....     7%          3    N/A
 Static Discharge         Conj/Air       ###.....     7%          3    N/A
 Tukima's Dance           Hex            ###.....     7%          3    N/A
 Excruciating Wounds      Chrm/Necr      #######...   3%          5    N/A
 Airstrike                Air            ###.......   22%         4    N/A
 Fulminant Prism          Conj/Hex       ###.......   22%         4    N/A
 Iskenderun's Mystic Bla  Conj/Tloc      ###.....     22%         4    N/A
 Petrify                  Tmut/Erth      ###.....     22%         4    N/A
 Alistair's Intoxication  Tmut/Pois      ###.....     52%         5    N/A
 Lightning Bolt           Conj/Air       ###.......   52%         5    N/A
 Metabolic Englaciation   Hex/Ice        ###.......   52%         5    N/A
 Yara's Violent Unravell  Hex/Tmut       ###.......   52%         5    N/A
 Haunt                    Necr/Summ      #######...   63%         7    N/A
 Invisibility             Hex            ###.....     96%         6    N/A
 Borgnjor's Revivificati  Necr           Unusable     N/A         8    N/A
 Death's Door             Chrm/Necr      Unusable     N/A         8    N/A
 Necromutation            Tmut/Necr      Unusable     N/A         8    N/A

Dungeon Overview and Level Annotations

Branches:
Dungeon (14/15)            Temple (1/1) D:5            Lair (6/6) D:9
 Shoals (0/4) Lair:2        Snake (0/4) Lair:3        Slime (0/5) Lair:6
    Orc (2/2) D:11            Elf (0/3) Orc:2        Vaults (0/5) D:13
  Sewer (visited)         Ossuary (visited)         Volcano (visited)

Altars:
Ashenzari
Cheibriados
Dithmenos
Elyvilon
Fedhas
Gozag
Hepliaklqana
Kikubaaqudgha
Makhleb
Nemelex Xobeh
Okawaru
Qazlal
Ru
Sif Muna
Trog
Uskayaw
Vehumet
Wu Jian
Xom
Yredelemnul
Zin
The Shining One
Beogh

Shops:
D:5 *   D:6 ?:   D:12 *   Orc:2 ??}=

Portals:
Trove: D:11 (give +3 fire dragon scales)

Annotations:
Lair:6 2 transporters, vurker's ghost, journeyman TeAE


Innate Abilities, Weirdness & Mutations

You do not eat or drink.
Your flesh is vulnerable to fire.
You are immune to poison.
Your flesh is cold resistant. (rC+)
You are immune to negative energy. (rN+++)
You are immune to unholy pain and torment.
You can survive without breathing.
You are in touch with the powers of death.


Message History

You kill the white ugly thing!
Kikubaaqudgha accepts your kill.
The zombie hands constrict the brown ugly thing.
The zombie hands constrict the brown ugly thing!
The brown ugly thing bites you. The acid corrodes you!
You are splashed with acid!
The brown ugly thing escapes!
Casting: Borgnjor's Vile Clutch (safe; 3% risk of failure)
Confirm with . or Enter, or press ? or * to list all spells.
Aiming: Borgnjor's Vile Clutch (safe; 3% risk of failure)
Press: ? - help, Shift-Dir - straight line, f - brown ugly thing
Aim: a brown ugly thing (severely wounded)
You feel a huge surge of power!
Zombie hands grab the brown ugly thing. x2
The zombie hands constrict the brown ugly thing.
The zombie hands constrict the brown ugly thing!
The brown ugly thing bites you! The acid corrodes you!
You are splashed with acid!
The brown ugly thing struggles to escape constriction.
The brown ugly thing gores you!
* * * LOW HITPOINT WARNING * * *
The acid corrodes you!
You are splashed with acid!
* * * LOW HITPOINT WARNING * * *
Casting: Borgnjor's Vile Clutch (safe; 3% risk of failure)
Confirm with . or Enter, or press ? or * to list all spells.
Aiming: Vampiric Draining (safe; 1% risk of failure)
Press: ? - help, Shift-Dir - straight line, f - brown ugly thing, p - brown ugly thing
Aim: a brown ugly thing (lightly wounded, constricted by zombie hands)
You feel a huge surge of power!
The brown ugly thing is moderately wounded.
You feel life coursing into your body.
The zombie hands constrict the brown ugly thing!
The zombie hands constrict the brown ugly thing.
You kill the brown ugly thing!
Kikubaaqudgha accepts your kill. The brown ugly thing misses you. x2
The zombie hands constrict the brown ugly thing!
The brown ugly thing misses you.
The zombie hands constrict the brown ugly thing!!
The brown ugly thing bites you.
* * * LOW HITPOINT WARNING * * *
You are splashed with acid!
* * * LOW HITPOINT WARNING * * *
The zombie hands constrict the brown ugly thing.
You kill the brown ugly thing!
Kikubaaqudgha accepts your kill. The brown ugly thing misses you.
The brown ugly thing misses you.
The brown ugly thing completely misses you.
There is an open door here.
You see here 16 stones.
The brown ugly thing gores you!
* * * LOW HITPOINT WARNING * * *
You are splashed with acid!
* * * LOW HITPOINT WARNING * * *
Evoke which item? (* to show all) (? for menu, Esc to quit)
Aiming: Enslavement
Press: ? - help, Shift-Dir - straight line, f - brown ugly thing
Aim: a brown ugly thing (lightly wounded, chance to defeat MR: 40%)
The brown ugly thing resists with some effort.
The brown ugly thing gores you!
* * * LOW HITPOINT WARNING * * *
You are splashed with acid!
You die...
Kikubaaqudgha rasps: "You have failed me!
Welcome... oblivion!"

#################################
................@u...............
#......###.................#.....
#..##..# #.)....###(.............
...##..# #......###.÷............
.......###...............####..#.
...........###'#####.....#..#..#.
..###+######.......#.....#..#....
..'.......##.......#..#..#..#....
..#.....†.##.......#..#..#..#....


You could see a brown ugly thing.

Vanquished Creatures
  Gastronok (Lair:3)
  Louise (D:14)
  A stone giant (Orc:2)
  An ettin (shapeshifter) (D:13)
  Snorg (D:12)
  A fire dragon (Lair:6)
  Josephine (D:11)
  2 rakshasas (D:14)
  2 hydras
  A centaur warrior (D:14)
  Erica (D:8)
  5 two-headed ogres
  6 death yaks
  8 orc high priests (Orc:2)
  Nergalle (D:12)
  A fire crab (shapeshifter) (D:13)
  6 skeletal warriors
  An unseen horror (D:13)
  2 lindwurms (Lair:6)
  2 anaconda skeletons (Volcano)
  Pikel (D:5)
  A deep elf mage (D:12)
  15 ugly things
  An orc knight (Orc:1)
  An orc sorcerer (Orc:2)
  2 cyclopes
  4 oklob plants (Lair:6)
  3 manticores
  A moth of wrath (shapeshifter) (D:13)
  7 black mambas
  6 elephants (Lair:6)
  7 spiny frogs
  3 centaur skeletons
  3 gargoyles (Volcano)
  9 rime drakes
  5 torpor snails (Lair:6)
  10 komodo dragons
  2 kobold demonologists (D:12)
  3 trolls
  3 tyrant leeches (Lair:6)
  10 hornets
  10 polar bears (Lair:6)
  11 blink frogs
  2 slime creatures (Lair:6)
  A snapping turtle (Lair:2)
  13 dream sheep (Lair:5)
  15 hippogriffs
  3 flying skulls (Volcano)
  A vampire (D:14)
  3 shadows
  40 yaks
  7 wraiths
  7 wyverns
  5 basilisks
  A fire elemental (D:11)
  3 fire bats (Lair:6)
  An alligator skeleton (Volcano)
  A steam dragon (D:13)
  2 vampire mosquitoes (D:13)
  Menkaure (D:7)
  15 wargs
  A warg (shapeshifter) (D:13)
  3 nagas (Lair:3)
  A soldier ant (D:12)
  19 hell hounds
  3 acid dragons
  2 porcupines (Lair:5)
  9 water moccasins
  A swamp drake (D:8)
  4 slaves (D:5)
  2 ice beasts
  2 sky beasts
  12 black bears
  19 orc warriors
  3 phantoms
  2 eyes of draining
  A necrophage (D:10)
  26 wolves
  11 ogres
  4 centaurs
  11 crocodiles
  6 big kobolds
  20 bullfrogs
  6 scorpions
  A wyvern skeleton (D:14)
  12 killer bees
  2 troll skeletons (Volcano)
  11 wights
  5 howler monkeys
  A bullfrog zombie (D:7)
  8 crimson imps
  2 quasits
  2 lava snakes (D:11)
  8 centaur zombies
  2 human zombies (Ossuary)
  5 hounds
  30 orc priests
  2 jellies (Lair:6)
  16 orc wizards
  A bullfrog skeleton (D:5)
  5 iguanas
  11 worker ants
  2 big kobold zombies (Ossuary)
  4 mummies (Ossuary)
  A gnoll (D:1)
  A howler monkey skeleton (D:10)
  9 adders
  A river rat (Sewer)
  A shadow imp (D:13)
  3 worms
  3 dart slugs
  10 leopard geckos
  101 orcs
  7 giant cockroaches
  4 goblins
  9 hobgoblins
  16 jackals
  31 kobolds
  5 quokkas
  7 bats
  6 frilled lizards
  2 goblin zombies (Ossuary)
  A jackal skeleton (D:9)
  A kobold zombie (Ossuary)
  17 rats
  3 fungi
  A plant (Lair:6)
822 creatures vanquished.

Vanquished Creatures (collateral kills)
  2 yaks (D:9)
  An orc warrior (D:7)
  A phantom (D:9)
  2 killer bees (D:9)
  2 wights (D:6)
  A bullfrog zombie (D:9)
  A centaur zombie (D:9)
  A jelly (D:9)
  An iguana (D:9)
  An orc wizard (D:9)
  An adder (D:9)
  2 adder zombies (D:9)
  A leopard gecko (D:9)
  5 orcs
  3 jackals (D:9)
  A quokka (D:9)
  A kobold (D:9)
27 creatures vanquished.

Vanquished Creatures (others)
  A wyvern (D:9)
  A hippogriff (Lair:5)
  A killer bee (D:9)
  A quasit (D:10)
  22 fungi
  26 plants
52 creatures vanquished.

Grand Total: 901 creatures vanquished

Notes
Turn   | Place    | Note
-------+----------+-------------------------------------------
     0 | D:1      | Amnesiac the Mummy Necromancer began the quest for the Orb.
     0 | D:1      | Reached XP level 1. HP: 13/13 MP: 4/4
   117 | D:1      | Reached XP level 2. HP: 19/19 MP: 0/6
   735 | D:1      | Reached XP level 3. HP: 21/24 MP: 3/7
   815 | D:1      | Learned a level 3 spell: Vampiric Draining
   962 | D:2      | Reached skill level 5 in Necromancy
  1151 | D:2      | Reached XP level 4. HP: 5/30 MP: 2/9
  1912 | D:3      | Noticed an ogre
  2224 | D:3      | Reached XP level 5. HP: 25/35 MP: 5/11
  2277 | D:3      | Learned a level 5 spell: Agony
  2710 | D:4      | Reached skill level 6 in Necromancy
  2738 | D:4      | Found a stormy altar of Qazlal.
  2743 | D:4      | Found a radiant altar of Vehumet.
  2805 | D:4      | Found a glowing drain.
  2826 | Sewer    | Entered a sewer
  2952 | Sewer    | Reached XP level 6. HP: 36/41 MP: 11/13
  3015 | Sewer    | Found a white marble altar of Elyvilon.
  3064 | D:4      | Found an ornate altar of the Wu Jian Council.
  3257 | D:4      | Reached skill level 5 in Spellcasting
  3399 | D:4      | Reached skill level 7 in Necromancy
  3597 | D:5      | Entered Level 5 of the Dungeon
  3615 | D:5      | Noticed a sky beast
  3622 | D:5      | Killed a sky beast
  3906 | D:5      | Noticed Pikel
  3906 | D:5      | Noticed a slave
  3906 | D:5      | Noticed a slave
  3927 | D:5      | Killed a slave
  3936 | D:5      | Noticed a slave
  3956 | D:5      | Killed a slave
  3968 | D:5      | Killed a slave
  4132 | D:5      | Killed Pikel
  4132 | D:5      | Reached skill level 8 in Necromancy
  4132 | D:5      | Reached XP level 7. HP: 32/46 MP: 5/17
  4239 | D:5      | Found a staircase to the Ecumenical Temple.
  4274 | Temple   | Entered the Ecumenical Temple
  4510 | Temple   | Became a worshipper of Kikubaaqudgha
  4917 | D:5      | Reached XP level 8. HP: 48/52 MP: 18/18
  4942 | D:5      | Learned a level 4 spell: Animate Dead
  4968 | D:5      | You fall into a shaft and drop 2 floors!
  5107 | D:7      | Reached skill level 9 in Necromancy
  5441 | D:7      | Learned a level 3 spell: Confusing Touch
  5533 | D:8      | Noticed a two-headed ogre
  5596 | D:9      | Reached skill level 1 in Fighting
  5825 | D:8      | Noticed a hippogriff
  5847 | D:8      | Killed a hippogriff
  5847 | D:8      | Reached skill level 10 in Necromancy
  5847 | D:8      | Reached skill level 1 in Evocations
  5936 | D:8      | Noticed a hippogriff
  5950 | D:8      | Found a sand-covered staircase.
  5976 | D:8      | Killed a hippogriff
  5976 | D:8      | Reached XP level 9. HP: 32/62 MP: 8/21
  6023 | Ossuary  | Entered an ossuary
  7049 | D:7      | Reached * piety under Kikubaaqudgha
  7049 | D:7      | Identified Kikubaaqudgha's Reference Book on Evil Secrets
                  | (Kikubaaqudgha gifted it to you on level 7 of the Dungeon)
  7049 | D:7      | Received a gift from Kikubaaqudgha
  7094 | D:7      | Noticed Menkaure
  7108 | D:7      | Killed Menkaure
  7291 | D:6      | Found Omuaz's Book Emporium.
  7833 | D:6      | HP: 3/64 [wight/+2 falchion (3)]
  8144 | D:5      | Found Disuun's General Store.
  8286 | D:5      | Found an opulent altar of Gozag.
  8846 | D:6      | Found Bist's Magic Scroll Shop.
  8953 | D:7      | Reached skill level 11 in Necromancy
  9198 | D:7      | Found a white marble altar of Elyvilon.
  9781 | D:8      | Noticed Erica
 10148 | D:8      | Found a hide-covered altar of Uskayaw.
 10149 | D:8      | Found a shattered altar of Ashenzari.
 10151 | D:8      | Found a hazy altar of Hepliaklqana.
 10151 | D:8      | Found a burning altar of Makhleb.
 10510 | D:9      | Reached ** piety under Kikubaaqudgha
 10608 | D:9      | Reached XP level 10. HP: 31/73 MP: 16/23
 10968 | D:9      | Found a staircase to the Lair.
 10992 | D:9      | Identified the +8 war axe "Ogre's Doom" {flame, +Fly}
 11269 | D:10     | Entered Level 10 of the Dungeon
 11300 | D:10     | Learned a level 1 spell: Summon Butterflies
 11748 | D:10     | Reached skill level 5 in Fighting
 12016 | D:10     | Reached skill level 10 in Spellcasting
 12016 | D:10     | Reached skill level 12 in Necromancy
 12024 | D:10     | Reached *** piety under Kikubaaqudgha
 12024 | D:10     | Identified Kikubaaqudgha's Catalogue of Darkness
                  | (Kikubaaqudgha gifted it to you on level 10 of the Dungeon)
 12024 | D:10     | Received a gift from Kikubaaqudgha
 12031 | D:10     | Learned a level 4 spell: Dispel Undead
 12037 | D:10     | Learned a level 5 spell: Borgnjor's Vile Clutch
 12106 | D:10     | Reached skill level 1 in Staves
 12309 | D:10     | Noticed a two-headed ogre
 12320 | D:10     | Killed a two-headed ogre
 12469 | D:10     | Identified the +4 chain mail "Puidiage" {rPois rF+ rN+
                  | Str-4}
 12566 | D:10     | Reached XP level 11. HP: 41/79 MP: 0/25
 12846 | D:11     | Found a portal to a secret trove of treasure.
 12988 | D:11     | Noticed a two-headed ogre
 12989 | D:11     | Noticed a white ugly thing
 13133 | D:11     | Noticed a red ugly thing
 13241 | D:11     | Noticed a green ugly thing
 13259 | D:11     | Killed a green ugly thing
 13259 | D:11     | Reached skill level 5 in Dodging
 13410 | D:11     | Killed a two-headed ogre
 13478 | D:11     | Found a staircase to the Orcish Mines.
 13650 | D:11     | Killed a white ugly thing
 13651 | D:11     | Killed a white ugly thing
 13898 | D:11     | Noticed Josephine
 13924 | D:11     | Killed Josephine
 14421 | D:3      | Reached **** piety under Kikubaaqudgha
 14561 | D:8      | Killed Erica
 14656 | D:8      | Killed a two-headed ogre
 14739 | Orc:1    | Entered Level 1 of the Orcish Mines
 14884 | Orc:1    | Noticed an orc knight
 14918 | Orc:1    | Killed an orc knight
 14918 | Orc:1    | Reached XP level 12. HP: 74/86 MP: 4/26
 15379 | Orc:2    | Entered Level 2 of the Orcish Mines
 15463 | Orc:2    | Found a staircase to the Elven Halls.
 15723 | Orc:2    | Noticed an orc high priest
 15740 | Orc:2    | Killed an orc high priest
 16127 | Orc:2    | Reached skill level 10 in Dodging
 16275 | Orc:2    | Noticed an orc high priest
 16367 | Orc:2    | Killed an orc high priest
 16612 | Orc:2    | Found a roughly hewn altar of Beogh.
 16640 | Orc:2    | Noticed an orc high priest
 16647 | Orc:2    | Killed an orc high priest
 16848 | Orc:2    | Reached ***** piety under Kikubaaqudgha
 16997 | Orc:2    | Noticed an orc high priest
 17003 | Orc:2    | Killed an orc high priest
 17014 | Orc:2    | Reached skill level 5 in Staves
 17034 | Orc:2    | Noticed a stone giant
 17065 | Orc:2    | Killed a stone giant
 17418 | Orc:2    | Noticed an orc high priest
 17433 | Orc:2    | Noticed an orc high priest
 17436 | Orc:2    | Killed an orc high priest
 17442 | Orc:2    | Killed an orc high priest
 17443 | Orc:2    | Noticed an orc high priest
 17475 | Orc:2    | Killed an orc high priest
 17555 | Orc:2    | Found Saem Cil's Magic Scroll Shoppe.
 17555 | Orc:2    | Found Onamur's Magic Scroll Shop.
 17612 | Orc:2    | Noticed an orc high priest
 17616 | Orc:2    | Found a roughly hewn altar of Beogh.
 17619 | Orc:2    | Killed an orc high priest
 17631 | Orc:2    | Found Nuaduf's Jewellery Shoppe.
 17631 | Orc:2    | Found Vurabliq's Gadget Shop.
 17685 | Orc:2    | Found a shimmering blue altar of Sif Muna.
 17985 | Lair:1   | Entered Level 1 of the Lair of Beasts
 18185 | Lair:1   | You fall into a shaft and drop 1 floor!
 18239 | Lair:2   | Found the +9 scales of the Dragon King {rPois rF+ rC+ MR+}
 18423 | Lair:2   | Gained mutation: You are in touch with the powers of death.
                  | [Mummy growth]
 18423 | Lair:2   | Reached XP level 13. HP: 79/91 MP: 2/27
 19199 | Lair:2   | Found a staircase to the Shoals.
 19596 | Lair:1   | Reached skill level 13 in Necromancy
 20607 | Lair:3   | Noticed Gastronok
 20726 | Lair:3   | Killed Gastronok
 20726 | Lair:3   | Reached skill level 14 in Necromancy
 21157 | Lair:3   | Found a staircase to the Snake Pit.
 21719 | Lair:4   | Reached ****** piety under Kikubaaqudgha
 21719 | Lair:4   | Reached skill level 15 in Necromancy
 21725 | Lair:4   | Received a gift from Kikubaaqudgha
 22921 | Lair:5   | Reached XP level 14. HP: 98/98 MP: 20/28
 22947 | Lair:5   | Got an encrusted falchion
 24463 | Lair:6   | Entered Level 6 of the Lair of Beasts
 24572 | Lair:6   | Found a dark tunnel.
 24642 | Volcano  | Entered a volcano
 26797 | Lair:6   | Found a staircase to the Slime Pits.
 26817 | Lair:6   | Noticed vurker's ghost (journeyman TeAE)
 26819 | Lair:6   | Found a transporter.
 26832 | Lair:6   | Found a transporter.
 26861 | Lair:6   | Found a runed translucent door.
 26882 | Lair:6   | Identified the +10 falchion of the Pyrrhic Victory {flame,
                  | Int+7} (You found it on level 5 of the Lair of Beasts)
 27422 | Lair:6   | Reached XP level 15. HP: 59/103 MP: 2/30
 27827 | Lair:6   | Got a heavily runed crystal plate armour
 27828 | Lair:6   | Identified the cursed +1 crystal plate armour "Xuog" {rF-
                  | Str+2 Stlth+} (You found it on level 6 of the Lair of
                  | Beasts)
 27833 | Lair:6   | Got a polished spear
 27834 | Lair:6   | Identified the +9 spear of the King {protect, MR+} (You
                  | found it on level 6 of the Lair of Beasts)
 28204 | Lair:6   | Learned a level 8 spell: Infestation
 28445 | D:12     | Found Reatior's Changing Room.
 28793 | D:12     | Reached skill level 10 in Staves
 29211 | D:12     | Noticed Snorg
 29240 | D:12     | Killed Snorg
 29396 | D:12     | Noticed Nergalle
 29413 | D:12     | Killed Nergalle
 29965 | D:13     | Reached skill level 1 in Shields
 30106 | D:13     | Learned a level 2 spell: Blink
 30126 | D:13     | Found a gate to the Vaults.
 30934 | D:13     | You fall into a shaft and drop 1 floor!
 31232 | D:14     | Noticed Louise
 31245 | D:14     | Killed Louise
 31417 | D:14     | Found a shattered altar of Ashenzari.
 32091 | D:14     | Splashed by a brown ugly thing's acid

Levels and vault maps discovered:
D:1:      dpeg_arrival_shrine, layout_basic, st_stairs_6,
          chequers_serial_rivers_room_a
D:2:      layout_loops_ring, minmay_split_cup_large
D:3:      layout_loops_ring
D:4:      layout_basic, grunt_temple_overflow_open, lemuel_crystal_altar,
          gup_sewer_entry_pipe
D:5:      layout_basic, lemuel_crystal_altar, minmay_temple_entry_nine_rooms,
          serial_shops, nicolae_shop_statue_plus, first_ration, uniq_pikel
D:6:      layout_basic, serial_shops, shop, minivault_11, serial_bayou_pond_e,
          minmay_shop_grid_forest
D:7:      layout_rooms, kennysheep_little_box, uniq_menkaure
D:8:      layout_basic, chequers_temple_overflow_statue_of_worship,
          nicolae_ossuary_entry_false_entrances, uniq_erica
D:9:      layout_gridville, lair_entry_dummy
D:10:     layout_basic, hangedman_pestilent_swarm
D:11:     layout_big_octagon, nicolae_trove_entry_diagonal, uniq_josephine
D:12:     layout_loops_ring, nicolae_transmutations_shop, evilmike_butchery,
          uniq_nergalle, uniq_snorg
D:13:     layout_basic, david_vaults_2
D:14:     layout_stronghold, grunt_decor_one_mirror, basic_altar,
          nrook_campfire, uniq_louise
Temple:   nicolae_temple_figure_eight
Lair:1:   layout_loops_ring, infiniplex_staircase_pool_2
Lair:2:   layout_hall_layers, minmay_shoals_entry_hut
Lair:3:   layout_loops_ring, guppyfry_snake_entry_garden, uniq_gastronok
Lair:4:   layout_gridlike
Lair:5:   layout_loops_ring, special_room [special_room_mythical_zoo],
          lemuel_fruit_fields
Lair:6:   hangedman_lair_caniforms_friends, layout_gridlike, wormcave,
          minmay_slime_entry_pillars, nicolae_volcano_entry_batcave,
          gammafunk_ghost_arena, columned_hall_lemuel, minmay_lair_oklob_chamber
Orc:1:    layout_diamond_mine
Orc:2:    st_orc_town, layout_diamond_mine, basic_altar, led_sif_book

Skill      XL: |  1  2  3  4  5  6  7  8  9 10 11 12 13 14 15 |
---------------+----------------------------------------------+-----
Spellcasting   | 3 4 6 8 9 10 11 12 | 12.5
Necromancy     | 5 6 8 10 11 12 15 | 15.0
Fighting       | 2 4 5 |  5.0
Evocations     | 1 3 4 |  4.0
Staves         | 4 8 9 11 | 11.6
Dodging        | 3 9 10 11 13 | 13.0
Shields        | 4 |  4.0
Stealth        | |  1.5

Action                   |  1- 3 |  4- 6 |  7- 9 | 10-12 | 13-15 || total
-------------------------+-------+-------+-------+-------+-------++-------
Melee: Dagger            |    83 |   180 |   191 |       |       ||   454
       Scimitar          |       |       |   170 |       |       ||   170
       Staff             |       |       |    35 |   384 |   841 ||  1260
       Falchion          |       |       |       |       |    13 ||    13
Throw: Dart              |       |    59 |    31 |       |     3 ||    93
 Cast: Pain              |    29 |     3 |     5 |       |       ||    37
       Vampiric Draining |     1 |    22 |    69 |   135 |    74 ||   301
       Agony             |       |     1 |     5 |     2 |     6 ||    14
       Confusing Touch   |       |       |     2 |       |       ||     2
       Animate Dead      |       |       |     4 |     6 |       ||    10
       Borgnjor's Vile C |       |       |       |    67 |   206 ||   273
       Dispel Undead     |       |       |       |    17 |    26 ||    43
Invok: Receive Necronomi |       |       |       |       |     1 ||     1
Evoke: Wand              |       |       |    12 |     6 |     5 ||    23
  Use: Scroll            |       |       |    13 |     2 |    10 ||    25
 Stab: Sleeping          |       |     5 |     4 |     1 |     4 ||    14
Armor: Robe              |    19 |    22 |    74 |    66 |   139 ||   320
       Leather armour    |       |       |       |       |     2 ||     2
Dodge: Dodged            |    42 |   105 |   302 |   383 |   788 ||  1620
Block: Buckler           |       |       |       |       |    24 ||    24
       Rpst.: Scimitar   |       |       |    36 |       |       ||    36
       Falchion          |       |       |       |       |     1 ||     1

Table legend:
 A = Non-vault XP
 B = Vault XP
 C = Vault XP percentage of total XP
 D = Non-vault monster count
 E = Vault monster count
 F = Vault count percentage of total count
                 A         B        C        D         E       F
            +---------+---------+-------+---------+---------+-------
      Total |   87846 |   55695 |  38.8 |     590 |     252 |  29.9
            +---------+---------+-------+---------+---------+-------
        D:1 |      55 |       2 |   3.5 |      26 |       2 |   7.1
        D:2 |      69 |      13 |  15.9 |      19 |       4 |  17.4
        D:3 |     484 |       0 |   0.0 |      28 |       0 |   0.0
        D:4 |     251 |      22 |   8.1 |      18 |       8 |  30.8
        D:5 |     390 |     617 |  61.3 |       9 |       1 |  10.0
        D:6 |     691 |       0 |   0.0 |      16 |       0 |   0.0
        D:7 |    1086 |     172 |  13.7 |      29 |       1 |   3.3
        D:8 |    2219 |     934 |  29.6 |      22 |       1 |   4.3
        D:9 |    2243 |       0 |   0.0 |      51 |       0 |   0.0
       D:10 |    4194 |     905 |  17.7 |      26 |       4 |  13.3
       D:11 |    4602 |    1692 |  26.9 |      28 |       4 |  12.5
       D:12 |    9720 |    1929 |  16.6 |      49 |       2 |   3.9
       D:13 |    4904 |    1826 |  27.1 |      44 |       3 |   6.4
       D:14 |   14946 |    1715 |  10.3 |      41 |       1 |   2.4
     Lair:1 |    3088 |       0 |   0.0 |      12 |       0 |   0.0
     Lair:2 |    8623 |     265 |   3.0 |      28 |       1 |   3.4
     Lair:3 |    7170 |    2795 |  28.0 |      29 |       4 |  12.1
     Lair:4 |    5863 |       0 |   0.0 |      25 |       0 |   0.0
     Lair:5 |    5700 |    6638 |  53.8 |      23 |      25 |  52.1
     Lair:6 |    5951 |   22202 |  78.9 |      20 |      90 |  81.8
      Orc:1 |    1813 |       0 |   0.0 |      26 |       0 |   0.0
      Orc:2 |    3784 |    8932 |  70.2 |      21 |      67 |  76.1
      Sewer |       0 |     119 | 100.0 |       0 |       9 | 100.0
    Ossuary |       0 |     258 | 100.0 |       0 |      12 | 100.0
    Volcano |       0 |    4659 | 100.0 |       0 |      13 | 100.0
            +---------+---------+-------+---------+---------+-------
